 Dungeon Crawl Stone Soup version 0.29-a0-541-gaf1fc19f1b (webtiles) character file.

Game seed: 17154889553989897436

162 vulpzor the Covered (level 5, -3/64 HPs)
             Began as a Barachi Fighter on June 3, 2022.
             Slain by an orc
             ... wielding a +2 short sword of draining
              (5 damage)
             ... on level 3 of the Dungeon.
             The game lasted 00:10:56 (2564 turns).

vulpzor the Covered (Barachi Fighter)               Turns: 2564, Time: 00:10:57

Health: -3/64      AC: 22    Str: 20    XL:     5   Next: 43%
Magic:  14/14      EV:  2    Int:  8    God:
Gold:   158        SH:  4    Dex: 11    Spells: 4/4 levels left

rFire   . . .      SeeInvis .   a - +1 long sword
rCold   . . .      Faith    .   c - +0 buckler
rNeg    . . .      Spirit   .   (body armour currently unavailable)
rPois   +          Reflect  .   (helmet currently unavailable)
rElec   .          Harm     .   (cloak currently unavailable)
rCorr   .          Rampage  .   (gloves currently unavailable)
Will    +....      NoTele   +   (boots currently unavailable)
Stlth   +.........              (no amulet)
HPRegen 0.20/turn               f - ring of willpower
MPRegen 0.14/turn               n - ring of magical power

@: mighty, lethally poisoned (-3 -> -10), tree-form
A: stationary, stasis, torment immunity, boosted hp, (amphibious), (slowness 1),
(strong legs 1), +LOS
a: no special abilities


You were on level 3 of the Dungeon.
You were a tree.
You visited 1 branch of the dungeon, and saw 3 of its levels.

You collected 158 gold pieces.

Inventory:

Hand Weapons
 a - a +1 long sword (weapon)
 j - a +0 hunting sling
Armour
 b - a +0 scale mail
 c - a +0 buckler (worn)
 g - a +0 chain mail (melded)
 i - a +0 cloak (melded)
 l - a +0 helmet (melded)
Jewellery
 f - a ring of willpower (left branch)
 n - a ring of magical power (right branch)
Scrolls
 o - 2 scrolls of teleportation {unknown}
 p - a scroll of identify
Potions
 d - a potion of might
 e - a potion of lignification
 h - a potion of berserk rage {unknown}
 m - a potion of haste {unknown}


   Skills:
 + Level 4.5 Fighting
 + Level 4.4 Long Blades
 + Level 4.9 Armour
 + Level 0.1 Stealth
 + Level 3.9 Shields


You had 4 spell levels left.
You didn't know any spells.
Your spell library was empty.

Dungeon Overview and Level Annotations

Branches:
Dungeon (3/15)

Altars:


Innate Abilities, Weirdness & Mutations

You are a tree.
Your roots penetrate the ground, keeping you stationary.
You cannot be teleported.
You are immune to unholy pain and torment.
Your maximum health is greatly increased.
Your equipment is partially melded.
((You are amphibious.))
((You cover ground slowly.))
((You can hop short distances.))
You have an extended range of vision and can be seen from far away.


Message History

You feel sick. The quokka completely misses you.
The orc wizard hits you but does no damage.
You are more poisoned.
The orc hits you but does no damage. x2
You slash the orc!
You kill the orc!
You feel very sick.
The quokka bites you but does no damage.
The orc wizard hits you but does no damage.
You are lethally poisoned!
You block the orc's attack.
The quokka bites you but does no damage.
You slash the orc wizard!
You kill the orc wizard!
You feel very sick. The quokka barely misses you. The orc barely misses you.
You hit the kobold.
You kill the kobold!
* * * LOW HITPOINT WARNING * * *
You feel very sick. The quokka barely misses you.
An endoplasm comes into view.
The orc hits you with a +0 mace.
* * * LOW HITPOINT WARNING * * *
You block the quokka's attack. The orc hits you but does no damage. x2
You closely miss the quokka.
* * * LOW HITPOINT WARNING * * *
You feel very sick.
The endoplasm quivers.
The quokka barely misses you. The orc hits you but does no damage.
It was a potion of lignification.
You turn into a tree.
Your +0 cloak melds into your body.
Your +0 helmet melds into your body.
Your +0 chain mail melds into your body.
Your roots penetrate the ground.
* * * LOW HITPOINT WARNING * * *
You feel sick.
The quokka bites you but does no damage.
The orc hits you but does no damage.
The orc hits you with a +2 short sword of draining.
You die...

..# #.# #.# ##.### .... #..# ..
##K#.## ##...###oo##.####
[..J..[r♣o......#
######.#.#.#.##>#
###############...###.#
##♣.♣.♣.8.♣.♣P♣###.####.#
...†...........†........#########
##♣.♣.♣.8.♣P♣.♣##...###..........
# ############# #.......#########
###..# .....##### .....#
..#......


You could see 3 orcs, an endoplasm, a quokka and a kobold.

Vanquished Creatures
  A hound (D:3)
  An orc wizard (D:3)
  3 gnolls (D:3)
  2 adders (D:2)
  3 worms
  2 orcs (D:3)
  2 endoplasms
  3 giant cockroaches (D:1)
  4 hobgoblins
  6 kobolds
  7 ball pythons
  7 bats
  4 frilled lizards
  6 goblins
  A rat (D:1)
52 creatures vanquished.

Vanquished Creatures (others)
  10 demonic plants (D:3)
  3 plants (D:1)
13 creatures vanquished.

Grand Total: 65 creatures vanquished

Notes
Turn   | Place    | Note
-------+----------+-------------------------------------------
     0 | D:1      | vulpzor the Barachi Fighter began the quest for the Orb.
     0 | D:1      | Reached XP level 1. HP: 18/18 MP: 1/1
   297 | D:1      | Reached XP level 2. HP: 14/25 MP: 2/2
   775 | D:1      | Reached XP level 3. HP: 30/30 MP: 3/3
  2043 | D:2      | Reached XP level 4. HP: 38/38 MP: 4/4
  2427 | D:3      | Reached XP level 5. HP: 38/43 MP: 5/5
  2563 | D:3      | HP: 2/43 [poisoned by an orc wizard]
  2564 | D:3      | Slain by an orc

Illustrated notes

Levels and vault maps discovered:
D:1:      denvon_arrival_planthouse, layout_basic
D:2:      layout_loops_ring
D:3:      layout_loops_ring, dreamdust_princess_corridor, minmay_unequal,
          uniq_terence

Skill      XL: |  1  2  3  4 |
---------------+-------------+-----
Fighting       | 4 |  4.5
Long Blades    | 3 4 |  4.4
Armour         | 4 |  4.9
Stealth        | |  0.1
Shields        | |  3.9

Action                   |  1- 3 |  4- 6 || total
-------------------------+-------+-------++-------
Melee: Long sword        |   128 |    67 ||   195
  Use: Scroll            |     2 |     1 ||     3
       Potion            |       |     2 ||     2
Armor: Chain mail        |   110 |    57 ||   167
       Scale mail        |     3 |       ||     3
       Skin              |       |     2 ||     2
Dodge: Dodged            |    57 |    33 ||    90
Block: Buckler           |    45 |    14 ||    59

Table legend: (Time is in decaauts)
 A = Elapsed time spent in this place.
 B = Non-inter-level travel time spent in this place.
 C = Inter-level travel time spent in this place.
 D = Time resting spent in this place.
 E = Time spent auto-exploring this place.
 F = Levels seen in this place.
 G = Mean time per level.
                   A        B        C        D        E       F      G
               +--------+--------+--------+--------+--------+-----+--------+
         Total |   2990 |   2990 |      0 |    109 |   1477 |   3 |  996.7 |
       Dungeon |   2990 |   2990 |      0 |    109 |   1477 |   3 |  996.7 |
               +--------+--------+--------+--------+--------+-----+--------+

Top non-repeatable levels by time:
     D:1: 1482 daAuts
     D:2: 1178 daAuts
     D:3: 329 daAuts
